 Dungeon Crawl Stone Soup version 0.21-a0-221-gfe971b9 (webtiles) character file.

131 tof the Chopper (level 4, -5/40 HPs)
             Began as a Minotaur Berserker on Aug 24, 2017.
             Was a Believer of Trog.
             Slain by a gnoll
             ... wielding a +0 halberd
              (12 damage)
             ... on level 3 of the Dungeon.
             The game lasted 00:02:31 (1615 turns).

tof the Chopper (Minotaur Berserker)                Turns: 1615, Time: 00:02:32

Health: -5/40      AC:  7    Str: 22    XL:     4   Next: 91%
Magic:  3/3        EV: 11    Int:  5    God:    Trog [**....]
Gold:   53         SH:  0    Dex:  9    Spells: 3/3 levels left

rFire    + . .     SeeInvis .   a - +0 hand axe
rCold    . . .     Gourm    .   (no shield)
rNeg     . . .     Faith    .   j - +2 ring mail {rF+}
rPois    .         Spirit   .   (helmet restricted)
rElec    .         Reflect  .   (no cloak)
rCorr    .         Harm     .   (no gloves)
MR       .....                  (no boots)
Stlth    ..........             (no amulet)
HPRegen  0.13/turn              (no ring)
MPRegen  0.08/turn              (no ring)

@: no status effects
A: retaliatory headbutt, horns 2
a: Berserk, Trog's Hand, Burn Spellbooks, Renounce Religion


You were on level 3 of the Dungeon.
You worshipped Trog.
Trog was pleased with you.
You were not hungry.

You visited 1 branch of the dungeon, and saw 3 of its levels.

You collected 53 gold pieces.

Inventory:

Hand Weapons
 a - a +0 hand axe (weapon)
Armour
 b - a +0 animal skin
 j - a +2 ring mail of fire resistance (worn)
Scrolls
 e - a scroll of noise {unknown}
 g - a scroll of random uselessness {unknown}
 h - a scroll of enchant armour {unknown}
 k - 4 scrolls of identify {unknown}
 l - a scroll of fog {unknown}
 m - 2 scrolls of teleportation {unknown}
 n - 2 scrolls of remove curse {unknown}
Potions
 i - a potion of ambrosia {unknown}
Comestibles
 c - 2 bread rations
 d - a meat ration
 f - a chunk of flesh


   Skills:
 + Level 4.1 Fighting
 * Level 5.3 Axes
 * Level 4.2 Armour
 + Level 2.5 Dodging


You had 3 spell levels left.
You didn't know any spells.

Dungeon Overview and Level Annotations

Branches:
Dungeon (3/15)

Altars:


Innate Abilities, Weirdness & Mutations

You reflexively headbutt those who attack you in melee.
You have a pair of horns on your head.


Message History

You headbutt the quokka, but do no damage.
A gnoll comes into view. It is wielding a halberd.
You barely miss the quokka.
The quokka is moderately wounded.
You barely miss the gnoll.
The gnoll shouts!
You hit the adder.
You kill the adder!
Trog accepts your kill.
The gnoll hits you from afar with a halberd.
* * * LOW HITPOINT WARNING * * *
The quokka bites you.
* * * LOW HITPOINT WARNING * * *
The gnoll closely misses you.
You slash the quokka!
You kill the quokka!
Trog accepts your kill.
You closely miss the adder. You barely miss the gnoll.
The gnoll hits you from afar with a halberd!
You die...

...#
#..###
#....
##...
#(..
#..#
#.<#
#>†#
#.@#
#Sg#
#.gg.#
#.g..#
#....#
#...g#
......
..#####
#..


You could see 4 gnolls, an adder and a hobgoblin.

Vanquished Creatures
  5 adders
  4 gnolls
  A worm (D:2)
  A dart slug (D:1)
  A ball python (D:1)
  2 bats (D:1)
  9 goblins
  6 hobgoblins
  4 jackals (D:1)
  A quokka (D:3)
  A frilled lizard (D:1)
  2 kobolds
  6 rats
43 creatures vanquished.

Notes
Turn   | Place    | Note
-------+----------+-------------------------------------------
     0 | D:1      | tof the Minotaur Berserker began the quest for the Orb.
     0 | D:1      | Reached XP level 1. HP: 19/19 MP: 0/0
   133 | D:1      | Reached XP level 2. HP: 25/27 MP: 1/1
   233 | D:1      | Reached skill level 4 in Axes
   715 | D:2      | Reached ** piety under Trog
   718 | D:2      | Reached XP level 3. HP: 28/33 MP: 2/2
   819 | D:2      | Reached XP level 4. HP: 29/40 MP: 3/3
  1243 | D:2      | Reached skill level 5 in Axes
  1615 | D:3      | Slain by a gnoll

Vault maps used:
D:1:      ncdulo_lavacross, serial_glass, glass_columns_a, glass_columns_c,
          roderic_roman_lattice
D:2:      grunt_ministairs_6
D:3:      grunt_temple_overflow_open, nemelex_spade_bored_becter

Skill      XL: |  1  2  3  4 |
---------------+-------------+-----
Fighting       | 4 |  4.1
Axes           | 4 5 |  5.3
Armour         | 3 4 |  4.2
Dodging        | |  2.5

Action                   |  1- 3 |  4- 6 || total
-------------------------+-------+-------++-------
Melee: Hand axe          |    51 |    39 ||    90
       Headbutt          |     6 |     6 ||    12
  Eat: Chunk             |       |     2 ||     2
Armor: Animal skin       |     5 |       ||     5
       Ring mail         |     9 |    14 ||    23
Dodge: Dodged            |    39 |    32 ||    71

Table legend:
 A = Spawn XP
 B = Non-spawn XP
 C = Spawn XP percentage of total XP
 D = Spawn monster count
 E = Non-spawn monster count
 F = Spawn count percentage of total count
 G = Total turns spent on level
                    A         B        C        D         E        F      G
               +---------+---------+-------+---------+---------+-------+---------
         Total |       4 |     184 |   2.1 |       2 |      41 |   4.7 |  1615
               +---------+---------+-------+---------+---------+-------+---------
           D:1 |       4 |      61 |   6.2 |       2 |      20 |   9.1 |   801
           D:2 |       0 |     106 |   0.0 |       0 |      18 |   0.0 |   802
           D:3 |       0 |      17 |   0.0 |       0 |       3 |   0.0 |    12
               +---------+---------+-------+---------+---------+-------+---------
